 Dungeon Crawl Stone Soup version 0.28.0-53-g5a82cb258f (webtiles) character file.

Game seed: 13155829481984360924

17826 TacoSundae the Scholar of Death (level 12, -1/83 HPs)
             Began as a Demonspawn Necromancer on June 6, 2022.
             Was a Follower of Kikubaaqudgha.
             Slain by an orc
             ... wielding a +0 short sword
              (3 damage)
             ... on level 9 of the Dungeon on June 7, 2022.
             The game lasted 01:09:05 (12564 turns).

TacoSundae the Scholar of Death (DsNe)             Turns: 12564, Time: 01:09:06

Health: -1/83      AC:  7    Str: 10    XL:     12   Next: 22%
Magic:  18/25      EV: 15    Int: 27    God:    Kikubaaqudgha [*.....]
Gold:   525        SH:  0    Dex: 15    Spells: 11/29 levels left

rFire   + . .      SeeInvis .   b - +5 mace (protect)
rCold   + . .      Faith    .   d - orb {light}
rNeg    . . .      Spirit   .   i - +1 ring mail
rPois   .          Reflect  .   (helmet unavailable)
rElec   .          Harm     .   L - scarf {repulsion}
rCorr   .          Rampage  .   (no gloves)
Will    .....                   (no boots)
Stlth   +.........              (no amulet)
HPRegen 0.23/turn               m - +6 ring of intelligence
MPRegen 0.38/turn               g - +4 ring of evasion

@: glowing, repel missiles
A: horns 3, ignite blood 3, magic regeneration, big brain 1, cold resistance 1,
fire resistance 1
a: Renounce Religion, Receive Corpses


You were on level 9 of the Dungeon.
You worshipped Kikubaaqudgha.
Kikubaaqudgha was aware of your devotion.
You visited 3 branches of the dungeon, and saw 11 of its levels.
You also visited: Bailey.

You collected 525 gold pieces.

Inventory:

Hand Weapons
 a - a +0 whip of venom
 b - a +5 mace of protection (weapon)
 c - a +0 spear
 k - a +0 dagger
 J - a +2 scimitar of flaming
Missiles
 h - 4 curare-tipped darts
 j - 16 poisoned darts
Armour
 d - an orb of light (worn)
 f - a +1 hat
 i - a +1 ring mail (worn)
 E - a +1 scale mail of positive energy
 K - a +2 robe
 L - a scarf of repulsion (worn)
Magical Staves
 n - a staff of conjuration
Jewellery
 g - a +4 ring of evasion (right hand)
 m - a +6 ring of intelligence (left hand)
 q - a ring of magical power
 v - a ring of positive energy
Wands
 l - a wand of digging (1)
 F - a wand of acid (2)
Scrolls
 o - 3 scrolls of teleportation
 r - 2 scrolls of fog
 u - a scroll of amnesia
 w - 3 scrolls of identify
 y - 4 scrolls of enchant armour
 z - 3 scrolls of magic mapping
 B - a scroll of brand weapon
 C - 4 scrolls of enchant weapon
 D - 2 scrolls of summoning
Potions
 e - a potion of heal wounds
 p - a potion of haste
 s - a potion of berserk rage
 t - 2 potions of mutation
 x - a potion of invisibility
 A - a potion of resistance
 G - a potion of curing {unknown}
 I - a potion of flight
Miscellaneous
 H - a condenser vane


   Skills:
 - Level 4.0 Fighting
 - Level 4.0 Maces & Flails
 - Level 7.0 Armour
 - Level 3.4 Dodging
 - Level 1.7 Stealth
 + Level 9.1 Spellcasting
 + Level 8.1 Conjurations
 + Level 9.4 Necromancy
 + Level 8.5 Fire Magic


You had 11 spell levels left.
You knew the following spells:

 Your Spells              Type           Power      Damage    Failure   Level
a - Pain                  Necr           100%       1d9       1%          1
b - Animate Skeleton      Necr           100%       N/A       1%          1
c - Vampiric Draining     Necr           58%        2d10      1%          3
d - Scorch                Fire           100%       2d10      1%          2
e - Flame Wave            Conj/Fire      55%        2d11      3%          4
f - Sublimation of Blood  Necr           58%        N/A       1%          2
g - Agony                 Necr           58%        N/A       6%          5

Your spell library contained the following spells:

 Spells                   Type           Power      Damage    Failure   Level
 Animate Dead             Necr           29%        N/A       2%          4
 Ozocubu's Armour         Ice            12%        N/A       32%         3
 Passage of Golubria      Tloc           12%        N/A       71%         4
 Simulacrum               Ice/Necr       18%        N/A       94%         6
 Metabolic Englaciation   Hex/Ice        6%         N/A       96%         5
 Silence                  Hex/Air        6%         N/A       96%         5
 Summon Cactus Giant      Summ           6%         N/A       100%        6
 Lehudib's Crystal Spear  Conj/Erth      17%        10d5      100%        8


Dungeon Overview and Level Annotations

Branches:
Dungeon (9/15)             Temple (1/1) D:7             Orc (1/2) D:9
 Bailey (visited)
   Lair: D:8-11

Altars:
Ashenzari
Cheibriados
Dithmenos
Elyvilon
Fedhas
Gozag
Hepliaklqana
Kikubaaqudgha
Makhleb
Nemelex Xobeh
Okawaru
Qazlal
Ru
Sif Muna
Trog
Uskayaw
Vehumet
Wu Jian
Xom
Yredelemnul
Zin
The Shining One

Shops:
D:7 :   Orc:1 [

Annotations:
D:6 exclusion: oklob plant
D:7 2 runed translucent doors, Soldner's ghost, novice MiFi


Innate Abilities, Weirdness & Mutations

You have a pair of large horns on your head.
Your demonic aura causes all spilled blood to erupt in flames.
You regenerate magic rapidly.
You have an unusually large brain. (Int +2)
Your flesh is cold resistant. (rC+)
Your flesh is heat resistant. (rF+)


Message History

The orc warrior is severely wounded.
The orc warrior's fire resistance burns away.
Casting: Scorch (safe; 1% risk of failure)
Confirm with . or Enter, or press ? or * to list all spells.
Flames lash the orc warrior but do no damage.
Casting: Scorch (safe; 1% risk of failure)
Confirm with . or Enter, or press ? or * to list all spells.
Flames lash the orc warrior but do no damage.
You hear a shout!
An orc comes into view. It is wielding a +0 mace.
A warg comes into view.
Found Mohih's Armour Boutique.
The orc shouts!
The warg howls!
You hear a shout!
The ettin barely misses you.
The ettin hits you with a +0 dire flail!!!
You hear a shout! x2
The ettin hits you with a +0 dire flail! x2
* * * LOW HITPOINT WARNING * * *
The orc warrior completely misses you.
There is a staircase back to the Dungeon, spattered with blood here.
You feel much better.
The ettin is engulfed in blazing flames.
The ettin barely misses you. The ettin completely misses you.
The orc warrior hits you with a +0 war axe.
The orc hits you but does no damage.
The ettin is engulfed in blazing flames.
The ettin barely misses you.
The ettin hits you with a +0 dire flail!!
* * * LOW HITPOINT WARNING * * *
The orc warrior hits you with a +0 war axe!
* * * LOW HITPOINT WARNING * * *
The orc is engulfed in blazing flames.
You kill the orc!
Kikubaaqudgha accepts your kill.
You climb upwards.
Welcome back to the Dungeon!
There is a staircase to the Orcish Mines here.
The orc warrior is no longer more vulnerable to fire.
The orc hits you with a +0 short sword.
You die...
Kikubaaqudgha rasps: "You have failed me!
Welcome... death!"

##....# #....# #...)##
##..[. #....# #....
####.################.#
##.##.###..........###.#
#....................#..
#....................#..
#...)oo..............#..
##...C>@..########.###'#
#################.###.#
#.............
#.............
####..##........
#....###...##..#
##....##...#####
#....##...##..#
#.............#


You could see an ettin, an orc warrior and an orc.

Vanquished Creatures
  Erica (D:9)
  A two-headed ogre (D:9)
  An orc knight (Bailey)
  A manticore (D:8)
  A cyclops (D:7)
  A hornet (D:9)
  Prince Ribbit (D:6)
  6 yaks (D:9)
  Duvessa (D:4)
  9 orc warriors (Bailey)
  2 ice beasts
  A hornet zombie (D:8)
  A black bear (D:5)
  5 ogres
  5 centaurs
  A phantom (D:5)
  A kobold brigand (D:7)
  2 bullfrogs (D:7)
  2 scorpions
  2 water moccasin skeletons
  Dowan (D:4)
  2 howler monkeys (D:9)
  A centaur zombie (D:5)
  A gnoll shaman (D:6)
  11 jellies
  2 orc priests
  A hound (D:6)
  3 iron imps (D:8)
  A bullfrog skeleton (D:5)
  3 iguanas
  2 orc wizards (D:9)
  2 killer bee zombies (D:8)
  A hound skeleton (D:4)
  A howler monkey zombie (D:8)
  Robin (D:2)
  9 gnolls
  6 adders
  2 adder skeletons
  A worm (D:4)
  2 dart slugs
  43 orcs
  6 ball pythons
  13 endoplasms
  3 giant cockroaches
  17 goblins
  9 hobgoblins
  6 jackals
  12 kobolds
  3 quokkas
  8 bats
  3 frilled lizards
  8 rats
229 creatures vanquished.

Vanquished Creatures (collateral kills)
  An orc warrior (Bailey)
  An orc (Bailey)
  A rat (D:1)
3 creatures vanquished.

Vanquished Creatures (others)
  4 fungi (D:6)
  12 plants (D:1)
16 creatures vanquished.

Grand Total: 248 creatures vanquished

Notes
Turn   | Place    | Note
-------+----------+-------------------------------------------
     0 | D:1      | TacoSundae the Demonspawn Necromancer began the quest for
                  | the Orb.
     0 | D:1      | Reached XP level 1. HP: 13/13 MP: 3/3
   453 | D:1      | Gained mutation: Your demonic aura sometimes causes spilled
                  | blood to erupt in flames. [demonic ancestry]
   453 | D:1      | Reached XP level 2. HP: 17/19 MP: 3/5
   498 | D:1      | Found a faded altar of an unknown god.
   666 | D:1      | Reached skill level 5 in Necromancy
   666 | D:1      | Reached XP level 3. HP: 19/24 MP: 0/6
   749 | D:1      | Learned a level 1 spell: Animate Skeleton
   753 | D:1      | Learned a level 3 spell: Vampiric Draining
  1472 | D:2      | Gained mutation: You have a pair of small horns on your
                  | head. [demonic ancestry]
  1472 | D:2      | Reached XP level 4. HP: 30/30 MP: 7/7
  1858 | D:2      | Found a burning altar of Makhleb.
  1862 | D:2      | Noticed Robin
  1898 | D:2      | Killed Robin
  2183 | D:3      | Gained mutation: Your demonic aura often causes spilled
                  | blood to erupt in flames. [demonic ancestry]
  2183 | D:3      | Reached XP level 5. HP: 32/35 MP: 6/9
  2188 | D:3      | Learned a level 2 spell: Scorch
  2402 | D:3      | Noticed a centaur
  2410 | D:3      | Killed a centaur
  2411 | D:3      | Reached skill level 1 in Maces & Flails
  2583 | D:3      | Reached skill level 1 in Fire Magic
  2788 | D:3      | Reached XP level 6. HP: 38/41 MP: 6/10
  3958 | D:4      | Noticed Duvessa
  3958 | D:4      | Noticed Dowan
  4008 | D:4      | HP: 2/41 [Duvessa/+0 short sword (2)]
  4332 | D:5      | Entered Level 5 of the Dungeon
  4391 | D:5      | Gained mutation: Your demonic aura causes all spilled blood
                  | to erupt in flames. [demonic ancestry]
  4391 | D:5      | Reached XP level 7. HP: 33/46 MP: 5/12
  4720 | D:5      | Reached skill level 1 in Armour
  5008 | D:5      | Gained mutation: You have a pair of horns on your head.
                  | [demonic ancestry]
  5008 | D:5      | Reached XP level 8. HP: 38/52 MP: 3/14
  5597 | D:4      | Killed Duvessa
  5602 | D:4      | Killed Dowan
  5707 | D:6      | Noticed Prince Ribbit
  5714 | D:6      | Killed Prince Ribbit
  5842 | D:6      | Noticed an oklob plant
  6292 | D:6      | Reached skill level 5 in Spellcasting
  6744 | D:6      | Reached skill level 1 in Conjurations
  6744 | D:6      | Gained mutation: You regenerate magic rapidly. [demonic
                  | ancestry]
  6744 | D:6      | Reached XP level 9. HP: 56/57 MP: 13/16
  7233 | D:7      | Found a flagged portal.
  7266 | Bailey   | Entered a bailey
  7725 | Bailey   | Noticed an orc knight
  7773 | Bailey   | Killed an orc knight
  7777 | Bailey   | Reached skill level 5 in Fire Magic
  8251 | D:7      | Found Koryul's Book Boutique.
  8288 | D:7      | Learned a level 4 spell: Flame Wave
  8569 | D:7      | Found a large runed translucent door.
  8569 | D:7      | Found a large runed translucent door.
  8570 | D:7      | Noticed Soldner's ghost (novice MiFi)
  8646 | D:7      | Gained mutation: Your flesh is heat resistant. (rF+)
                  | [potion of mutation]
  8646 | D:7      | Gained mutation: Your flesh is cold resistant. (rC+)
                  | [potion of mutation]
  8749 | D:7      | Reached XP level 10. HP: 63/63 MP: 18/21
  8750 | D:7      | Gained mutation: You have an unusually large brain. (Int
                  | +2) [demonic ancestry]
  8750 | D:7      | Reached XP level 11. HP: 77/77 MP: 18/23
  9365 | D:7      | Found a staircase to the Ecumenical Temple.
  9374 | Temple   | Entered the Ecumenical Temple
  9984 | Temple   | Became a worshipper of Kikubaaqudgha
 10954 | D:8      | Found a burning altar of Makhleb.
 11011 | D:8      | Reached * piety under Kikubaaqudgha
 11011 | D:8      | Received a gift from Kikubaaqudgha
 11012 | D:8      | Gained mutation: You have a pair of large horns on your
                  | head. [demonic ancestry]
 11012 | D:8      | Reached XP level 12. HP: 83/83 MP: 24/24
 11148 | D:9      | Noticed Erica
 11152 | D:9      | Killed Erica
 11162 | D:9      | Learned a level 2 spell: Sublimation of Blood
 11168 | D:9      | Learned a level 5 spell: Agony
 11173 | D:9      | Noticed a two-headed ogre
 11185 | D:9      | Killed a two-headed ogre
 12011 | D:9      | Paralysed by a hornet for 3 turns
 12240 | D:9      | Found a staircase to the Orcish Mines.
 12545 | Orc:1    | Entered Level 1 of the Orcish Mines
 12552 | Orc:1    | Noticed an ettin
 12559 | Orc:1    | Found Mohih's Armour Boutique.
 12562 | Orc:1    | HP: 1/83 [orc warrior/+0 war axe (12)]
 12564 | D:9      | Slain by an orc

Illustrated notes

Levels and vault maps discovered:
D:1:      dpeg_arrival_tiny_a, layout_rooms, basic_ecumenical_altar,
          nicolae_grassy_gnolls
D:2:      layout_loops_cross, basic_altar, uniq_robin
D:3:      layout_basic, minivault_23
D:4:      layout_rooms, uniq_duvessa
D:5:      layout_loops_ring
D:6:      lemuel_slime, layout_loops_corners, feat_on_display,
          uniq_prince_ribbit1
D:7:      layout_basic, temple_hall, enter_bailey_5,
          ebering_ghost_disaster_area, serial_shops, nicolae_shop_waterfront,
          minivault_24, nrook_mini_vaults
D:8:      layout_basic, demons_altar, kennysheep_just_a_vault
D:9:      layout_gridville, orc_0_dummy, minmay_crystal_water, uniq_erica
Temple:   mainiacjoe_temple_starburst
Orc:1:    layout_caves, serial_shops, nicolae_diamond_shop

Skill      XL: |  1  2  3  4  5  6  7  8  9 10 11 12 |
---------------+-------------------------------------+-----
Dodging        | 2 3 |  3.4
Necromancy     | 5 6 7 8 9 |  9.4
Maces & Flails | 1 2 3 4 |  4.0
Spellcasting   | 3 4 5 7 8 9 |  9.1
Fire Magic     | 1 2 3 4 6 8 |  8.5
Armour         | 2 3 6 7 |  7.0
Conjurations   | 1 6 7 8 |  8.1
Fighting       | 4 |  4.0
Stealth        | |  1.7

Action                   |  1- 3 |  4- 6 |  7- 9 | 10-12 || total
-------------------------+-------+-------+-------+-------++-------
Melee: Unarmed           |     9 |       |       |       ||     9
       Spear             |    18 |       |       |       ||    18
       Whip              |    17 |    25 |       |       ||    42
       Headbutt          |       |    14 |    17 |    18 ||    49
       Mace              |       |    54 |    70 |    73 ||   197
Throw: Dart              |       |       |     6 |       ||     6
 Cast: Pain              |    36 |    73 |   110 |    30 ||   249
       Animate Skeleton  |     5 |     3 |    11 |       ||    19
       Vampiric Draining |       |     7 |    27 |    19 ||    53
       Scorch            |       |     3 |    15 |    32 ||    50
       Flame Wave        |       |       |       |     5 ||     5
  Use: Scroll            |     1 |     5 |     7 |       ||    13
       Potion            |     1 |     1 |     4 |     4 ||    10
 Stab: Sleeping          |       |     2 |       |       ||     2
Armor: Robe              |     8 |    23 |       |       ||    31
       Ring mail         |       |     8 |    32 |    31 ||    71
Dodge: Dodged            |    30 |    79 |    87 |    89 ||   285
